 Dungeon Crawl Stone Soup version 0.21.1-1-g345015fe64 (webtiles) character file.

16694 Peloso the Carver (level 12, -3/106 HPs)
             Began as a Minotaur Fighter on July 2, 2018.
             Was a High Priest of Okawaru.
             Slain by an orc warlord
             ... wielding a +6 broad axe of venom
              (25 damage)
             ... on level 1 of the Orcish Mines.
             The game lasted 00:42:28 (13092 turns).

Peloso the Carver (Minotaur Fighter)               Turns: 13092, Time: 00:42:29

Health: -3/106     AC: 27    Str: 27    XL:     12   Next: 12%
Magic:  12/12      EV:  6    Int:  5    God:    Okawaru [*****.]
Gold:   925        SH: 16    Dex: 14    Spells: 11/11 levels left

rFire    + . .     SeeInvis .   a - +1 long sword
rCold    . . .     Gourm    .   c - +2 shield {rF+}
rNeg     . . .     Faith    +   L - +0 crystal plate armour
rPois    .         Spirit   .   (helmet restricted)
rElec    .         Reflect  .   w - +0 cloak
rCorr    +         Harm     .   j - +2 pair of gloves {Str+3}
MR       .....                  s - +0 pair of boots
Stlth    ..........             i - amulet of faith
HPRegen  0.27/turn              q - +2 ring of dexterity
MPRegen  0.13/turn              H - ring of resist corrosion

@: no status effects
A: retaliatory headbutt, horns 2
a: Heroism, Finesse, Renounce Religion


You were on level 1 of the Orcish Mines.
You worshipped Okawaru.
Okawaru was extremely pleased with you.
You were not hungry.

You visited 4 branches of the dungeon, and saw 14 of its levels.
You also visited: Sewer, Ossuary and Bailey.

You collected 925 gold pieces.

Inventory:

Hand Weapons
 a - a +1 long sword (weapon)
Missiles
 v - 50 bolts
Armour
 c - a +2 shield of fire resistance (worn)
 j - a +2 pair of gloves of strength (worn)
 s - a +0 pair of boots (worn)
 w - a +0 cloak (worn)
 L - a +0 crystal plate armour (worn)
 U - a +0 plate armour of poison resistance
Jewellery
 i - an amulet of faith (around neck)
 o - an uncursed amulet of guardian spirit
 q - a +2 ring of dexterity (left hand)
 y - an uncursed amulet of the gourmand
 B - a +3 ring of evasion
 E - a +3 ring of evasion
 G - an uncursed ring of magical power
 H - a ring of resist corrosion (right hand)
 J - an uncursed ring of magical power
Wands
 t - a wand of disintegration (27)
 u - a wand of flame (15)
 K - a wand of acid (8)
 R - a wand of iceblast (6)
Scrolls
 e - 4 scrolls of teleportation
 k - 6 scrolls of remove curse
 n - 3 scrolls of fear
 r - a scroll of blinking
 x - a scroll of amnesia
 C - a scroll of magic mapping
 F - 4 scrolls of fog
 O - 2 scrolls of enchant armour
 P - 4 scrolls of enchant weapon
 Q - a scroll of acquirement
 S - 3 scrolls of vulnerability {unknown}
Potions
 d - 4 potions of heal wounds
 g - 8 potions of curing
 h - 2 potions of magic
 l - 2 potions of brilliance
 m - 2 potions of mutation
 p - 3 potions of flight {unknown}
 z - 3 potions of lignification {unknown}
 A - 3 potions of cancellation {unknown}
 D - 2 potions of agility {unknown}
 I - 3 potions of might
 M - 3 potions of invisibility {unknown}
 N - a potion of haste {unknown}
Comestibles
 f - 11 rations


   Skills:
 + Level 9.7 Fighting
 + Level 13.8 Long Blades
 + Level 10.8 Armour
 + Level 2.3 Dodging
 + Level 1.1 Stealth
 + Level 13.1 Shields
 + Level 1.4 Invocations


You had 11 spell levels left.
You didn't know any spells.

Dungeon Overview and Level Annotations

Branches:
Dungeon (10/15)            Temple (1/1) D:5            Lair (1/6) D:8
    Orc (2/2) D:9             Elf (0/3) Orc:2

Altars:
Cheibriados
Dithmenos
Elyvilon
Nemelex Xobeh
Okawaru
Trog
Uskayaw
Zin

Shops:
D:6 *

Portals:
Trove: D:10 (give +6 demon trident)


Innate Abilities, Weirdness & Mutations

You reflexively headbutt those who attack you in melee.
You have a pair of horns on your head.


Message History

The orc warlord hits you with a broad axe of venom.
You are more poisoned.
You hit the orc warlord.
The orc warlord is severely wounded.
You feel sick.
The orc warlord hits you with a broad axe of venom!!
* * * LOW HITPOINT WARNING * * *
You are lethally poisoned!
You slice the orc warlord!!
The orc warlord is almost dead.
* * * LOW HITPOINT WARNING * * *
You feel sick.
You closely miss the orc warlord.
The orc warlord is almost dead.
* * * LOW HITPOINT WARNING * * *
You feel sick. The orc warlord closely misses you. You furiously retaliate!
You headbutt the orc warlord.
You feel better.
The orc warlord hits you with a broad axe of venom!!
You die...

### ##.# ##..## #....#
###...# ###.[...####
###...$o@..[.#
##.....[>.....######
#..........[....##.##
##.....[....[<......#
#..........[....##.##
###.....[[##.......####
#.#.....[[###.........#
##........###.........#
##.#..................##


You could see an orc warlord.

Vanquished Creatures
  An ettin (D:9)
  4 two-headed ogres
  The ghost of Necrophagist the Thaumaturge, a journeyman DECj of Vehumet (D:10)
  3 orc knights
  A deep elf mage (D:7)
  The ghost of Htamos the Magician, a novice SpVM (D:5)
  The ghost of Drazhar the Changer, a novice MfTm of Yredelemnul (D:4)
  2 trolls
  Prince Ribbit (D:7)
  A hippogriff (D:7)
  7 yaks
  4 hogs (D:7)
  A human (D:7)
  Menkaure (D:6)
  4 wargs
  A water moccasin (Lair:1)
  A soldier ant (D:10)
  5 porcupines (D:8)
  22 orc warriors
  3 phantoms
  3 ice beasts
  3 sky beasts
  An ogre (D:8)
  2 centaurs
  Blork the orc (D:6)
  3 elf zombies (Ossuary)
  2 big kobolds
  6 bullfrogs
  2 scorpions (D:8)
  A water moccasin skeleton (D:4)
  4 howler monkeys (D:10)
  8 crimson imps
  A quasit (D:6)
  2 bullfrog skeletons
  A centaur zombie (Ossuary)
  6 hounds
  2 centaur skeletons
  3 human zombies (Ossuary)
  6 orc priests
  3 iguanas
  17 orc wizards
  9 worker ants
  A killer bee zombie (D:7)
  A big kobold zombie (Ossuary)
  2 hound zombies
  2 mummies (Ossuary)
  A hound skeleton (D:6)
  A worker ant zombie (D:5)
  Robin (D:3)
  16 adders
  11 gnolls
  A howler monkey skeleton (D:9)
  A river rat (Sewer)
  2 shadow imps
  5 oozes
  2 adder zombies
  3 adder skeletons
  A worm (D:4)
  3 dart slugs
  6 leopard geckos
  75 orcs
  4 giant cockroaches
  8 hobgoblins
  A jackal (Sewer)
  16 kobolds
  2 quokkas
  7 bats
  5 frilled lizards
  21 goblins
  2 goblin zombies (Ossuary)
  9 hobgoblin zombies (Ossuary)
  A jackal zombie (Ossuary)
  6 kobold zombies (Ossuary)
  10 orc zombies (Ossuary)
  A quokka skeleton (D:4)
  15 rats
  A plant (D:8)
395 creatures vanquished.

Vanquished Creatures (others)
  A killer bee zombie (D:6)
  18 fungi
  5 plants (D:8)
24 creatures vanquished.

Grand Total: 419 creatures vanquished

Notes
Turn   | Place    | Note
-------+----------+-------------------------------------------
     0 | D:1      | Peloso the Minotaur Fighter began the quest for the Orb.
     0 | D:1      | Reached XP level 1. HP: 19/19 MP: 0/0
   190 | D:1      | Reached XP level 2. HP: 23/27 MP: 1/1
   483 | D:1      | Reached XP level 3. HP: 23/33 MP: 2/2
  1184 | D:2      | Reached XP level 4. HP: 4/40 MP: 3/3
  2246 | D:2      | Reached skill level 5 in Armour
  2462 | D:3      | Reached XP level 5. HP: 46/46 MP: 4/4
  2503 | D:3      | Found a white marble altar of Elyvilon.
  2570 | D:3      | Noticed Robin
  2586 | D:3      | Reached skill level 5 in Shields
  2794 | D:4      | Noticed Drazhar's ghost (novice MfTm)
  2808 | D:4      | Killed Drazhar's ghost
  2808 | D:4      | Reached skill level 5 in Long Blades
  2808 | D:4      | Reached XP level 6. HP: 44/53 MP: 5/5
  2925 | D:4      | Reached XP level 7. HP: 47/60 MP: 6/6
  3048 | D:4      | Found a sand-covered staircase.
  3057 | Ossuary  | Entered an ossuary
  3254 | Ossuary  | Reached skill level 5 in Fighting
  3687 | D:4      | Reached XP level 8. HP: 69/69 MP: 7/7
  4542 | D:5      | Entered Level 5 of the Dungeon
  4575 | D:5      | Noticed Htamos's ghost (novice SpVM)
  4600 | D:5      | Killed Htamos's ghost
  4638 | D:5      | Found a glowing drain.
  4771 | Sewer    | Entered a sewer
  4902 | Sewer    | Found a white marble altar of Elyvilon.
  5001 | D:5      | Found a staircase to the Ecumenical Temple.
  5171 | Temple   | Entered the Ecumenical Temple
  5204 | Temple   | Became a worshipper of Warmaster Okawaru
  5474 | D:3      | Killed Robin
  6071 | D:6      | Noticed Blork the orc
  6103 | D:6      | Killed Blork the orc
  6103 | D:6      | Reached XP level 9. HP: 75/75 MP: 8/8
  6179 | D:6      | Reached * piety under Okawaru
  6442 | D:6      | Noticed Menkaure
  6458 | D:6      | Killed Menkaure
  6472 | D:6      | Found Meuvoubi's Assorted Antiques.
  6882 | D:7      | Noticed a deep elf mage
  6910 | D:7      | Killed a deep elf mage
  6910 | D:7      | Reached ** piety under Okawaru
  6910 | D:7      | Reached skill level 1 in Dodging
  7160 | D:7      | Reached skill level 1 in Stealth
  7168 | D:7      | Found a bloodstained altar of Trog.
  7249 | D:7      | Reached skill level 10 in Long Blades
  7556 | D:7      | Noticed Prince Ribbit
  7685 | D:7      | Reached XP level 10. HP: 78/86 MP: 7/9
  7693 | D:7      | Reached *** piety under Okawaru
  7698 | D:7      | Killed Prince Ribbit
  8082 | D:8      | Found a staircase to the Lair.
  8134 | D:8      | Reached skill level 10 in Shields
  8144 | D:8      | Reached **** piety under Okawaru
  8216 | D:8      | Noticed a two-headed ogre
  8238 | D:8      | Killed a two-headed ogre
  8470 | D:8      | Reached skill level 10 in Armour
  8931 | D:8      | Reached ***** piety under Okawaru
  9713 | D:9      | Noticed a two-headed ogre
  9723 | D:9      | Reached XP level 11. HP: 95/95 MP: 7/10
  9727 | D:9      | Killed a two-headed ogre
  9732 | D:9      | Reached skill level 1 in Invocations
  9777 | D:9      | Found a staircase to the Orcish Mines.
  9812 | D:9      | Noticed a two-headed ogre
  9830 | D:9      | Killed a two-headed ogre
  9866 | D:9      | Reached ****** piety under Okawaru
  9866 | D:9      | Received a gift from Okawaru
 10185 | D:10     | Entered Level 10 of the Dungeon
 10311 | D:10     | Noticed Necrophagist's ghost (journeyman DECj)
 10333 | D:10     | Killed Necrophagist's ghost
 10366 | D:10     | Found a portal to a secret trove of treasure.
 10462 | D:10     | Noticed a two-headed ogre
 10476 | D:10     | Killed a two-headed ogre
 10492 | D:10     | Found a flagged portal.
 10498 | Bailey   | Entered a bailey
 10937 | Bailey   | Noticed an orc knight
 10986 | Bailey   | Killed an orc knight
 11264 | Bailey   | Noticed an orc knight
 11291 | Bailey   | Killed an orc knight
 11315 | Bailey   | Identified a scroll of acquirement
 11769 | D:10     | Noticed an eight-headed hydra
 11837 | Lair:1   | Entered Level 1 of the Lair of Beasts
 11854 | Lair:1   | Noticed an eight-headed hydra
 11927 | Orc:1    | Entered Level 1 of the Orcish Mines
 11927 | Orc:1    | Noticed an ettin
 11929 | Orc:1    | Noticed an orc knight
 11954 | D:9      | Killed an ettin
 11962 | D:9      | HP: 4/97 [orc knight/glaive (18)]
 12316 | D:9      | Killed an orc knight
 12451 | Orc:1    | Reached XP level 12. HP: 97/105 MP: 12/12
 12555 | Orc:2    | Entered Level 2 of the Orcish Mines
 12555 | Orc:2    | Found a staircase to the Elven Halls.
 12568 | Orc:2    | Noticed an orc high priest
 12837 | Orc:2    | Noticed an orc warlord
 13092 | Orc:1    | Slain by an orc warlord

Skill      XL: |  1  2  3  4  5  6  7  8  9 10 11 12 |
---------------+-------------------------------------+-----
Armour         | 4 5 6 8 9 10 | 10.8
Shields        | 4 6 7 9 10 12 13 | 13.1
Fighting       | 4 5 6 7 8 9 |  9.7
Long Blades    | 3 5 6 8 10 12 13 | 13.8
Dodging        | 1 2 |  2.3
Stealth        | 1 |  1.1
Invocations    | 1 |  1.4

Action                   |  1- 3 |  4- 6 |  7- 9 | 10-12 || total
-------------------------+-------+-------+-------+-------++-------
Melee: Long sword        |    64 |   141 |   498 |   738 ||  1441
       Headbutt          |    14 |    24 |   114 |   194 ||   346
Invok: Heroism           |       |       |     1 |    11 ||    12
  Use: Scroll            |       |     4 |    10 |     6 ||    20
       Potion            |       |     1 |     1 |     4 ||     6
  Eat: Chunk             |     1 |     5 |    22 |    15 ||    43
       Ration            |       |       |     2 |     1 ||     3
Armor: Scale mail        |    38 |    16 |       |       ||    54
       Plate armour      |       |    80 |   238 |   143 ||   461
       Crystal plate arm |       |       |       |    87 ||    87
Dodge: Dodged            |    27 |    29 |    76 |   195 ||   327
Block: Shield            |    40 |    78 |   304 |   592 ||  1014
       Rpst.: Long sword |     6 |    10 |    17 |    41 ||    74
